 Dungeon Crawl Stone Soup version 0.23.2-40-g277498a (webtiles) character file.

Game seed: 2850978530719343284

98073 Fang the Warrior (level 16, -4/184 HPs)
             Began as a Gargoyle Berserker on Oct 22, 2019.
             Was the Champion of Trog.
             Killed by divine providence
             ... invoked by Saint Roka
              (9 damage)
             ... on level 2 of the Orcish Mines.
             The game lasted 00:31:29 (27454 turns).

Fang the Warrior (Gargoyle Berserker)              Turns: 27454, Time: 00:31:30

Health: -4/184     AC: 40    Str: 32    XL:     16   Next: 21%
Magic:  13/16      EV: 15    Int: 19    God:    Trog [******]
Gold:   1821       SH:  0    Dex: 15    Spells: 15/15 levels left

rFire    . . .     SeeInvis .   a - +9 war axe
rCold    + . .     Gourm    .   (no shield)
rNeg     + . .     Faith    .   b - +4 plate armour
rPois    ∞         Spirit   .   G - +2 hat
rElec    +         Reflect  .   (no cloak)
rCorr    +         Harm     .   B - +0 pair of gloves "Kosor" {Dex+6}
MR       +....                  L - +1 pair of boots "Selek" {*Contam rPois Int+5 Stlth+}
Stlth    ..........             (no amulet)
HPRegen  0.40/turn              M - +5 ring of intelligence
MPRegen  0.15/turn              i - ring of resist corrosion

@: berserking (expiring), flying, very quick
A: big wings, horns 1, slimy green scales 1, cold resistance 1, negative energy
resistance 1, robust 1, electricity resistance, unbreathing, petrification
resistance, rot immunity, AC +12
a: Stop Flying, Berserk, Trog's Hand, Brothers in Arms, Renounce Religion


You were on level 2 of the Orcish Mines.
You worshipped Trog.
Trog was exalted by your worship.
You were not hungry.

You visited 4 branches of the dungeon, and saw 24 of its levels.
You visited the Abyss 1 time.
You also visited: Gauntlet.

You collected 1821 gold pieces.

Inventory:

Hand Weapons
 a - a +9 war axe (weapon)
 e - a +2 executioner's axe of electrocution
 D - a +2 antimagic executioner's axe
 F - a +1 battleaxe of flaming
 H - a +2 executioner's axe of draining
Armour
 b - a +4 plate armour (worn)
 m - a +2 pair of gloves
 B - the +0 pair of gloves "Kosor" (worn) {Dex+6}
   (You found it in a Gauntlet)

   It affects your dexterity (+6).
 G - a +2 hat (worn)
 L - the +1 pair of boots "Selek" (worn) {*Contam rPois Int+5 Stlth+}
   (You found it in a Gauntlet)

   It affects your intelligence (+5).
   It protects you from poison.
   It causes magical contamination when unequipped.
   It makes you more stealthy.
 N - a +3 large shield of reflection
Jewellery
 i - a ring of resist corrosion (right hand)
 M - a +5 ring of intelligence (left hand)
 O - the ring of Abstinence {EV-6 Str+3}
   (You found it in a Gauntlet)

   [ring of evasion]

   It affects your evasion (-6).
   It affects your strength (+3).
Wands
 f - a wand of clouds (3)
 k - a wand of enslavement (5)
 l - a wand of flame (32)
 v - a wand of polymorph (30)
 x - a wand of acid (4)
 y - a wand of random effects (24)
 A - a wand of iceblast (19)
 C - a wand of digging (5)
Scrolls
 g - 7 scrolls of teleportation
 h - 7 scrolls of remove curse
 n - a scroll of silence
 o - 7 scrolls of fear
 q - 2 scrolls of fog
 t - 3 scrolls of identify
 u - 3 scrolls of magic mapping
 J - a scroll of holy word
Potions
 d - 6 potions of haste
 j - 3 potions of might
 p - 7 potions of curing
 r - 2 potions of cancellation
 s - 5 potions of ambrosia
 w - 3 potions of magic
 z - 8 potions of agility
 E - a potion of invisibility
 K - a potion of heal wounds
Comestibles
 c - 38 rations
 I - 7 chunks of flesh


   Skills:
 * Level 16.9 Fighting
 * Level 14.6 Axes
 + Level 13.4 Armour
 + Level 10.7 Dodging


You had 15 spell levels left.
You didn't know any spells.
Your spell library was empty.

Dungeon Overview and Level Annotations

Branches:
Dungeon (15/15)            Temple (1/1) D:7            Lair (6/6) D:11
 Shoals (0/4) Lair:2       Spider (0/4) Lair:4        Slime (0/5) Lair:5
    Orc (2/2) D:9             Elf (0/3) Orc:2        Vaults (0/5) D:14
 Depths (0/5) D:15

Altars:
Ashenzari
Dithmenos
Makhleb
Nemelex Xobeh
Okawaru
Sif Muna
Uskayaw
Vehumet
Wu Jian
Xom
Yredelemnul
The Shining One
Beogh
Jiyva

Shops:
D:4 (   D:14 [(   Orc:2 *

Annotations:
D:7 exclusion: statue
Orc:2 Saint Roka


Innate Abilities, Weirdness & Mutations

You are resistant to torment.
Your stone body is resilient. (AC +12)
You are immune to poison.
Your large and strong wings let you fly indefinitely.
You resist negative energy. (rN+)
You are resistant to electric shocks. (rElec)
You can survive without breathing.
You are immune to petrification.
You are immune to rotting.
You have a pair of small horns on your head.
You are partially covered in slimy green scales. (AC +2)
Your flesh is cold resistant. (rC+)
You are robust. (+10% HP)


Message History

The rust devil disappears in a puff of smoke!
The smoke demon disappears in a puff of smoke!
You feel your intelligence returning.
You slash the troll!
You kill the troll!
Trog accepts your kill.
You closely miss the orc.
The orc throws a tomahawk.
The tomahawk misses you.
Saint Roka mumbles some strange prayers to Beogh against you.
Beogh smites you!
* * * LOW HITPOINT WARNING * * *
The orc completely misses you.
The orc throws a tomahawk.
The tomahawk closely misses you.
You feel a strong urge to attack something.
You see here a tomahawk.
Things that are here:
a +0 flail; a +0 leather armour; an orc corpse You feel your anger nearly subside.
Saint Roka mumbles some strange prayers to Beogh against you.
Beogh smites you!
You die...

...... ####.## #..(.
##.#...##.#...## #...####
#.#....#.......####..(#.#
.......#.#.....##...)...
#.....#..(....#........
#....#..)..#......#.).. .
##.....))).......###.[()
..#.#........)...$.#
#..).
........)@.....##.##
#....
..#...oo##########.....##
#..)()# #.....### #8o348#
##...## # #..oo4#
###..### #o...{# #..$.#
......o. #.....
#......... #....
........... ##....


You could see Saint Roka, an orc high priest, a rust devil, a neqoxec, an orc
sorcerer, a red devil, 2 orc wizards and 2 orcs.

Vanquished Creatures
  Jorgrun (D:15)
  Rupert (D:12)
  2 tentacled starspawn (Abyss:3)
  A stone giant (Orc:1)
  A minotaur (Gauntlet)
  Harold (D:11)
  5 vault guards (D:14)
  A rakshasa (D:15)
  3 hydras
  A centaur warrior (D:13)
  A death knight (D:9)
  7 two-headed ogres
  3 catoblepae
  2 ogre magi
  2 tengu warriors
  13 death yaks (Lair:6)
  2 thrashing horrors (Abyss:3)
  A wretched star (Abyss:3)
  Nergalle (Lair:4)
  A titan skeleton (Abyss:3)
  A fire crab (Lair:6)
  4 skeletal warriors (D:12)
  3 wizards (D:15)
  3 unseen horrors
  A lindwurm (Lair:6)
  An orange crystal statue (Gauntlet)
  2 orc knights (Orc:2)
  A wolf spider zombie (D:12)
  An orc sorcerer (Orc:2)
  5 cyclopes
  A deep elf mage (D:15)
  9 ugly things
  8 elephants
  3 black mambas
  2 molten gargoyles (Gauntlet)
  7 gargoyles
  2 centaur zombies
  2 centaur skeletons
  7 spiny frogs
  An orange demon (Abyss:3)
  4 rime drakes
  7 komodo dragons
  A demonic crawler (Lair:4)
  A yaktaur (D:14)
  A kobold demonologist (D:15)
  An efreet (D:15)
  An ancient zyme (Abyss:3)
  2 tengu conjurers
  7 trolls
  2 polar bears
  A slime creature (D:9)
  4 hippogriffs
  8 blink frogs
  A snapping turtle (Lair:2)
  A meliai zombie (D:15)
  2 centaur simulacra (D:15)
  4 shadows
  4 wyverns
  2 wraiths
  A human (D:14)
  38 yaks
  A neqoxec (Abyss:3)
  A steam dragon (D:11)
  3 basilisks
  A hungry ghost (D:9)
  3 wargs
  Menkaure (D:7)
  2 acid dragons
  12 water moccasins
  18 orc warriors
  12 porcupines
  4 ice beasts
  5 sky beasts
  2 black bears
  6 phantoms
  10 ogres
  10 wolves
  10 crocodiles
  10 centaurs
  2 big kobolds (D:15)
  23 bullfrogs
  A wyvern skeleton (D:12)
  A hornet simulacrum (D:15)
  7 scorpions
  3 killer bees (D:7)
  2 electric eels (Lair:2)
  2 vampire bats (Lair:6)
  22 wights
  3 bullfrog zombies
  6 crimson imps
  A howler monkey (D:5)
  2 starcursed masses (Abyss:3)
  15 orc priests
  5 jellies
  A human zombie (D:15)
  A bullfrog skeleton (D:11)
  4 hounds
  14 orc wizards
  2 iguanas
  Jessica (D:2)
  3 human skeletons (D:15)
  9 worker ants
  2 hound skeletons
  2 mummies (D:15)
  4 worker ant zombies
  9 gnolls
  A howler monkey skeleton (D:9)
  18 adders
  4 shadow imps
  2 oozes
  An adder skeleton (D:9)
  3 worms
  A dart slug (D:3)
  4 leopard geckos
  58 orcs
  15 bats
  6 giant cockroaches
  9 goblins
  8 hobgoblins
  2 jackals (D:7)
  13 kobolds
  5 quokkas
  A ball python (D:3)
  5 frilled lizards
  A jackal zombie (D:6)
  3 leopard gecko skeletons
  13 rats
  4 bushes
  2 fungi
  7 plants
651 creatures vanquished.

Vanquished Creatures (collateral kills)
  A tentacled starspawn (Abyss:3)
  A draconian annihilator (Abyss:3)
  A deep troll shaman (Lair:6)
  2 death yaks (Lair:6)
  A sea snake (shapeshifter) (Abyss:3)
  A starcursed mass (Abyss:3)
  A necromancer (D:15)
  A mana viper (Abyss:3)
  An elephant (Lair:6)
  A spiny frog (Lair:2)
  A freezing wraith (Abyss:3)
  An ancient zyme (Abyss:3)
  A raiju (Abyss:3)
  A large abomination (Abyss:3)
  An ice beast (D:13)
  A big kobold (D:12)
  3 kobolds (D:12)
20 creatures vanquished.

Vanquished Creatures (others)
  5 dream sheep (D:5)
  A kobold (D:15)
  A fungus (Lair:2)
  A lurking horror (Abyss:3)
  7 plants
  8 starspawn tentacles (Abyss:3)
23 creatures vanquished.

Grand Total: 694 creatures vanquished

Notes
Turn   | Place    | Note
-------+----------+-------------------------------------------
     0 | D:1      | Fang the Gargoyle Berserker began the quest for the Orb.
     0 | D:1      | Reached XP level 1. HP: 14/14 MP: 1/1
   365 | D:1      | Reached XP level 2. HP: 19/19 MP: 2/2
   785 | D:2      | Reached XP level 3. HP: 19/23 MP: 3/3
   791 | D:2      | Found a sparkling altar of Nemelex Xobeh.
   901 | D:2      | Reached ** piety under Trog
  1058 | D:2      | Found a faded altar of an unknown god.
  1066 | D:2      | Reached XP level 4. HP: 29/29 MP: 4/4
  1086 | D:2      | Noticed a phantom
  1130 | D:2      | Killed a phantom
  1130 | D:2      | Reached skill level 4 in Fighting
  1130 | D:2      | Reached XP level 5. HP: 21/33 MP: 5/5
  1264 | D:2      | Noticed Jessica
  1265 | D:2      | Found a glowing golden altar of the Shining One.
  1274 | D:2      | Killed Jessica
  2317 | D:3      | Found a deep blue altar of Sif Muna.
  2336 | D:3      | Reached XP level 6. HP: 39/39 MP: 6/6
  2727 | D:3      | Found a shattered altar of Ashenzari.
  2744 | D:3      | Noticed a phantom
  2800 | D:3      | Killed a phantom
  2800 | D:3      | Reached *** piety under Trog
  2946 | D:3      | Reached skill level 5 in Fighting
  3134 | D:3      | Found an iron altar of Okawaru.
  3467 | D:4      | Reached XP level 7. HP: 44/44 MP: 7/7
  3670 | D:4      | Found Qoffah's Weapon Shop.
  3828 | D:4      | Found a burning altar of Makhleb.
  3868 | D:4      | Found a roughly hewn altar of Beogh.
  4051 | D:4      | Reached skill level 5 in Armour
  4437 | D:5      | Entered Level 5 of the Dungeon
  4454 | D:5      | Reached XP level 8. HP: 46/51 MP: 8/8
  4599 | D:5      | Noticed a dream sheep
  4599 | D:5      | Noticed a dream sheep
  4599 | D:5      | Noticed a dream sheep
  4599 | D:5      | Noticed a dream sheep
  4599 | D:5      | Noticed a dream sheep
  4599 | D:5      | Found a shimmering altar of Xom.
  4604 | D:5      | Killed a dream sheep
  4604 | D:5      | Killed a dream sheep
  4604 | D:5      | Killed a dream sheep
  4604 | D:5      | Killed a dream sheep
  4604 | D:5      | Killed a dream sheep
  4757 | D:5      | Reached skill level 6 in Fighting
  4757 | D:5      | Reached skill level 5 in Axes
  5497 | D:6      | Reached **** piety under Trog
  5946 | D:6      | Reached XP level 9. HP: 46/56 MP: 9/9
  5976 | D:6      | Reached skill level 7 in Fighting
  6067 | D:6      | Reached skill level 5 in Dodging
  6835 | D:7      | Noticed Menkaure
  6843 | D:7      | Killed Menkaure
  7189 | D:7      | Found a radiant altar of Vehumet.
  7337 | D:7      | Found a staircase to the Ecumenical Temple.
  7363 | Temple   | Entered the Ecumenical Temple
  7473 | D:7      | Found a hide-covered altar of Uskayaw.
  7597 | D:7      | Reached skill level 8 in Fighting
  7791 | D:8      | Reached XP level 10. HP: 56/64 MP: 10/10
  8614 | D:8      | Noticed a two-headed ogre
  8623 | D:8      | Killed a two-headed ogre
  8792 | D:8      | Found an ornate altar of the Wu Jian Council.
  8819 | D:9      | Found a staircase to the Orcish Mines.
  8965 | D:9      | Reached skill level 9 in Fighting
  9309 | D:9      | Reached ***** piety under Trog
  9386 | D:9      | Noticed a brown ugly thing
  9405 | D:9      | Killed a brown ugly thing
  9771 | D:9      | Noticed a death knight
  9791 | D:9      | Killed a death knight
 10156 | D:9      | Noticed a cyclops
 10167 | D:9      | Killed a cyclops
 10167 | D:9      | Reached skill level 10 in Fighting
 10167 | D:9      | Reached XP level 11. HP: 72/72 MP: 11/11
 10606 | D:9      | Noticed a two-headed ogre
 10614 | D:9      | Killed a two-headed ogre
 10681 | D:9      | Found a shadowy altar of Dithmenos.
 11003 | D:10     | Entered Level 10 of the Dungeon
 11009 | D:10     | Identified a scroll of acquirement
 11741 | D:10     | Noticed a tengu warrior
 11756 | D:10     | Killed a tengu warrior
 11837 | D:11     | Received a gift from Trog
 11963 | D:11     | Noticed Harold
 11980 | D:11     | Killed Harold
 11980 | D:11     | Reached skill level 11 in Fighting
 11996 | D:11     | Killed an unseen horror
 12266 | D:11     | Found a staircase to the Lair.
 12281 | D:11     | Noticed a two-headed ogre
 12292 | D:11     | Killed a two-headed ogre
 12484 | D:11     | Reached XP level 12. HP: 57/80 MP: 12/12
 12558 | D:11     | Noticed a two-headed ogre
 12572 | D:11     | Killed a two-headed ogre
 12572 | D:11     | Reached skill level 10 in Axes
 13078 | D:11     | Reached skill level 10 in Armour
 13234 | Lair:1   | Entered Level 1 of the Lair of Beasts
 13456 | Lair:1   | Reached skill level 12 in Fighting
 14057 | Lair:2   | Noticed an eight-headed hydra
 14081 | Lair:2   | HP: 4/121 [17-headed hydra (8)]
 14082 | Lair:2   | Killed an 18-headed hydra
 14731 | Lair:2   | Found a staircase to the Shoals.
 16627 | Lair:3   | Noticed an eight-headed hydra
 16642 | Lair:3   | Killed a 17-headed hydra
 17260 | Lair:4   | Reached XP level 13. HP: 85/87 MP: 13/13
 17266 | Lair:4   | Reached skill level 13 in Fighting
 17279 | Lair:4   | Noticed Nergalle
 17290 | Lair:4   | Killed Nergalle
 17404 | Lair:4   | Received a gift from Trog
 17493 | Lair:4   | Found a hole to the Spider Nest.
 18352 | Lair:5   | Found a viscous altar of Jiyva.
 18352 | Lair:5   | Found a staircase to the Slime Pits.
 18366 | Lair:5   | Found a frozen archway.
 18408 | Lair:5   | Received a gift from Trog
 18904 | Lair:6   | Entered Level 6 of the Lair of Beasts
 19244 | Lair:6   | Reached skill level 14 in Fighting
 19521 | Lair:6   | Gained mutation: Your large and strong wings let you fly
                  | indefinitely. [Gargoyle growth]
 19521 | Lair:6   | Reached XP level 14. HP: 87/96 MP: 14/14
 20902 | D:12     | Noticed Rupert
 20918 | D:12     | Killed Rupert
 20918 | D:12     | Reached skill level 15 in Fighting
 21798 | D:12     | Received a gift from Trog
 22987 | D:13     | Reached XP level 15. HP: 96/103 MP: 15/15
 23251 | D:14     | Found a gate to the Vaults.
 23257 | D:14     | Reached skill level 10 in Dodging
 23553 | D:14     | Found Echyngor's Antique Armour Boutique.
 23597 | D:14     | Found a gate leading to a gauntlet.
 23602 | Gauntlet | Entered a Gauntlet
 23602 | Gauntlet | Found a transporter.
 23602 | Gauntlet | Found a transporter.
 23621 | Gauntlet | Found a transporter.
 23625 | Gauntlet | Found a transporter.
 23642 | Gauntlet | Found a transporter.
 23659 | Gauntlet | Found a transporter.
 23665 | Gauntlet | Found a transporter.
 23673 | Gauntlet | Found a transporter.
 23693 | Gauntlet | Found a transporter.
 23701 | Gauntlet | Found a transporter.
 23719 | Gauntlet | Found a transporter.
 24008 | Gauntlet | Got a pair of fine gloves
 24122 | Gauntlet | Identified the +0 pair of gloves "Kosor" {Dex+6} (You found
                  | it in a Gauntlet)
 24158 | Gauntlet | Got a pair of spiked boots
 24164 | Gauntlet | Identified the +1 pair of boots "Selek" {*Contam rPois
                  | Int+5 Stlth+} (You found it in a Gauntlet)
 24344 | Gauntlet | Got a fine steel ring
 24360 | D:14     | Identified the cursed ring of Abstinence {EV-6 Str+3} (You
                  | found it in a Gauntlet)
 24406 | D:14     | Found Jotzion's Antique Weapon Shoppe.
 24675 | D:15     | Entered Level 15 of the Dungeon
 24691 | D:15     | Noticed Jorgrun
 24706 | D:15     | Killed Jorgrun
 24706 | D:15     | Reached skill level 16 in Fighting
 25428 | D:15     | Paralysed by a wizard for 3 turns
 25435 | D:15     | Cast into level 3 of the Abyss (a wizard)
 25468 | Abyss:3  | Noticed a tentacled starspawn
 25477 | Abyss:3  | Killed a tentacled starspawn
 25497 | Abyss:3  | Noticed a tentacled starspawn
 25498 | Abyss:3  | Gained mutation: You tend to lose your temper in combat. [a
                  | neqoxec]
 25501 | Abyss:3  | Noticed a tentacled starspawn
 25515 | Abyss:3  | Gained mutation: You are clumsy. (Dex -2) [a neqoxec]
 25524 | Abyss:3  | Killed a tentacled starspawn
 25533 | Abyss:3  | Killed a tentacled starspawn
 25601 | D:15     | Escaped the Abyss
 25651 | D:15     | HP: 4/84 [deep elf mage/bolt of cold (5)]
 25731 | D:15     | Found a staircase to the Depths.
 25732 | D:15     | Lost mutation: You tend to lose your temper in combat.
                  | [potion of mutation]
 25732 | D:15     | Lost mutation: You are clumsy. (Dex -2) [potion of
                  | mutation]
 25732 | D:15     | Gained mutation: You have a pair of small horns on your
                  | head. [potion of mutation]
 25732 | D:15     | Gained mutation: You are partially covered in slimy green
                  | scales. (AC +2) [potion of mutation]
 25732 | D:15     | Gained mutation: You are robust. (+10% HP) [potion of
                  | mutation]
 25732 | D:15     | Gained mutation: Your flesh is cold resistant. (rC+)
                  | [potion of mutation]
 26128 | D:15     | Reached XP level 16. HP: 85/122 MP: 16/16
 26518 | D:15     | Found a basalt altar of Yredelemnul.
 26560 | D:15     | Reached ****** piety under Trog
 26778 | Orc:1    | Entered Level 1 of the Orcish Mines
 27029 | Orc:2    | Entered Level 2 of the Orcish Mines
 27134 | Orc:2    | Noticed Saint Roka
 27144 | Orc:2    | Paralysed by an orc sorcerer for 5 turns
 27152 | Orc:2    | Found Dopsi's General Store.
 27152 | Orc:2    | Found a roughly hewn altar of Beogh.
 27310 | Orc:2    | Found a staircase to the Elven Halls.
 27366 | Orc:2    | Received a gift from Trog
 27450 | Orc:2    | HP: 4/184 [Saint Roka/divine providence (13)]
 27454 | Orc:2    | Killed from afar by Saint Roka

Skill      XL: |  1  2  3  4  5  6  7  8  9 10 11 12 13 14 15 |
---------------+----------------------------------------------+-----
Axes           | 3 4 5 6 8 9 11 12 13 14 | 14.6
Dodging        | 2 3 4 5 6 7 8 9 10 | 10.7
Armour         | 3 4 5 6 7 8 9 10 11 12 13 | 13.4
Fighting       | 4 5 6 8 10 11 12 14 15 16 | 16.9

Action                   |  1- 3 |  4- 6 |  7- 9 | 10-12 | 13-15 | 16-18 || total
-------------------------+-------+-------+-------+-------+-------+-------++-------
Melee: Hand axe          |   151 |   564 |   415 |       |       |       ||  1130
       War axe           |       |       |   179 |   640 |   925 |   154 ||  1898
       Executioner's axe |       |       |       |    26 |       |       ||    26
       Headbutt          |       |       |       |       |     7 |    43 ||    50
Invok: Berserk           |       |     1 |     9 |    13 |    17 |     1 ||    41
       Trog's Hand       |       |       |     1 |       |     4 |     1 ||     6
       Brothers in Arms  |       |       |       |     1 |     4 |       ||     5
 Abil: Fly               |       |       |       |       |     1 |       ||     1
  Use: Scroll            |       |       |       |    34 |    13 |     3 ||    50
       Potion            |       |       |       |       |     3 |       ||     3
 Stab: Petrified         |       |       |       |       |    13 |       ||    13
       Petrifying        |       |       |       |       |     5 |       ||     5
       Distracted        |       |       |       |       |     1 |       ||     1
  Eat: Chunk             |     1 |    10 |    19 |    37 |    27 |     6 ||   100
       Ration            |       |       |     1 |     3 |     6 |       ||    10
Armor: Animal skin       |    12 |       |       |       |       |       ||    12
       Plate armour      |   105 |   165 |   526 |   643 |   766 |    64 ||  2269
Dodge: Dodged            |    66 |   114 |   307 |   403 |   480 |    38 ||  1408
Block: Large shield      |       |       |       |       |   153 |    73 ||   226
       Reflection        |       |       |       |       |     6 |     6 ||    12
